 Dungeon Crawl Stone Soup version 0.17-a0-1939-ga475588 (webtiles) character file.

1065 BarneyGumball the Slasher (level 8, -7/64 HPs)
             Began as a Formicid Fighter on Sept 29, 2015.
             Was a Follower of Cheibriados.
             Mangled by an orc warrior
             ... wielding the +9 short sword of Defenestration {pain, +Inv rElec rF+}
              (18 damage)
             ... on level 6 of the Dungeon.
             The game lasted 00:23:26 (5245 turns).

BarneyGumball the Slasher (Formicid Fighter)        Turns: 5245, Time: 00:23:26

Health: -7/64      AC:  9    Str: 30    XL:     8   Next: 52%
Magic:  8/8        EV:  8    Int: 11    God:    Cheibriados [*.....]
Gold:   196        SH: 10    Dex: 14    Spells: 0 memorised, 7 levels left

rFire  . . .     SeeInvis +     a - +0 long sword
rCold  + . .     Clarity  .     b - +0 scale mail
rNeg   . . .     SustAt   .     c - +0 shield
rPois  .         Gourm    .     (helmet unavailable)
rElec  .         Spirit   .     s - +0 cloak
rCorr  .         Warding  .     (no gloves)
rMut   .         Stasis   +     m - +0 pair of boots
MR     .....                    (no amulet)
Stlth  ..........               (no ring)
                                k - ring of protection from cold

@: mighty, very slow, not resistant to hostile enchantments, extremely
unstealthy
A: permanent stasis, dig shafts and tunnels, four strong arms, antennae 3
a: Dig, Shaft Self, Bend Time, Renounce Religion


You were on level 6 of the Dungeon.
You worshipped Cheibriados.
Cheibriados was aware of your devotion.
You were very hungry.

You visited 1 branch of the dungeon, and saw 6 of its levels.

You collected 196 gold pieces.

Inventory:

Hand weapons
 a - a +0 long sword (weapon)
Armour
 b - a +0 scale mail (worn)
 c - a +0 shield (worn)
 m - a +0 pair of boots (worn)
 s - a +0 cloak (worn)
Jewellery
 k - a ring of protection from cold (left hand)
Magical devices
 p - a wand of enslavement (10)
 r - a wand of slowing (30)
Scrolls
 f - 3 scrolls of remove curse
 g - 3 scrolls of teleportation {unknown}
 h - a scroll of identify {unknown}
 i - 2 scrolls of fear {unknown}
 j - a scroll of noise {unknown}
 o - a scroll of enchant weapon {unknown}
 q - a scroll of random uselessness {unknown}
 v - a scroll of blinking {unknown}
 x - a scroll of immolation {unknown}
Potions
 d - 3 potions of might
 l - a potion of resistance {unknown}
 n - 2 potions of flight {unknown}
 t - 2 potions of heal wounds {unknown}
 w - a potion of cure mutation {unknown}
Comestibles
 e - 4 bread rations
 u - 2 fruits


   Skills:
 + Level 6.0 Fighting
 * Level 7.8 Long Blades
 - Level 4.4 Armour
 - Level 0.1 Dodging
 - Level 3.9 Shields


You had 7 spell levels left.
You didn't know any spells.

Dungeon Overview and Level Annotations

Branches:
Dungeon (6/15)             Temple (0/1) D:6

Altars:
Cheibriados
Gozag
Sif Muna
Yredelemnul


Innate Abilities, Weirdness & Mutations

You are under a permanent stasis effect.
You can dig through walls and to a lower floor.
Your four strong arms can wield two-handed weapons with a shield.
You have a pair of large antennae on your head (SInv).


Message History

You feel very mighty all of a sudden.
You closely miss the orc warrior.
The orc warrior is moderately wounded.
You block the orc warrior's attack.
You slice the orc wizard!!
You kill the orc wizard!
Cheibriados appreciates the change of pace.
The orc warrior hits you with an ancient short sword {pain}!
* * * LOW HITPOINT WARNING * * *
You hit the orc warrior but do no damage.
The orc warrior is moderately wounded.
You block the orc warrior's attack.
You hit the orc warrior.
The orc warrior is moderately wounded.
The orc warrior hits you with an ancient short sword {pain}.
* * * LOW HITPOINT WARNING * * *
You slash the orc warrior!
The orc warrior is severely wounded.
The orc warrior hits you with an ancient short sword {pain}!!
You die...

..#..#.###.#...>.##
#..
................###
###
#........#.###o...#
..#..#.#.#)###.### #
#.#.......)......#.#
#.#....#.#####.#.#.#
#.#..###.# ##...#
.....# #.# ##)##
.#.#.# #.# #@o#
##.#.# #.# ##.#
##.#.###.## .#
##........# $#
#...###..# .#
#........# .#
##.######.# .# ...#
#.).# .# ##.# #.###


You could see an orc warrior.

Vanquished Creatures
  2 ogres
  A centaur (D:3)
  A water moccasin zombie (D:6)
  5 orc wizards
  A hound (D:6)
  A centaur skeleton (D:5)
  3 iguanas
  An orc priest (D:6)
  A giant frog skeleton (D:4)
  5 worker ants
  A hound skeleton (D:5)
  Robin (D:2)
  4 gnolls
  8 adders
  An ooze (D:2)
  2 worms
  4 giant geckos
  20 orcs
  13 bats
  2 giant cockroaches (D:1)
  2 gnoll zombies (D:3)
  20 goblins
  10 hobgoblins
  3 quokkas
  2 ball pythons
  5 giant newts
  11 jackals
  5 kobolds
  23 rats
158 creatures vanquished.

Notes
Turn   | Place    | Note
--------------------------------------------------------------
     0 | D:1      | BarneyGumball the Formicid Fighter began the quest for the Orb.
     0 | D:1      | Reached XP level 1. HP: 18/18 MP: 1/1
   131 | D:1      | Reached XP level 2. HP: 24/24 MP: 2/2
   516 | D:1      | Reached XP level 3. HP: 29/29 MP: 3/3
   876 | D:2      | Reached skill level 4 in Armour
   878 | D:2      | Reached XP level 4. HP: 26/35 MP: 4/4
   919 | D:2      | Noticed Robin
   942 | D:2      | Killed Robin
  1366 | D:3      | Reached XP level 5. HP: 31/41 MP: 5/5
  1720 | D:3      | Noticed a centaur
  1737 | D:3      | Killed a centaur
  1737 | D:3      | Reached XP level 6. HP: 44/48 MP: 6/6
  1822 | D:3      | Found a basalt altar of Yredelemnul.
  2030 | D:3      | Reached skill level 5 in Long Blades
  2485 | D:4      | Found a deep blue altar of Sif Muna.
  2654 | D:4      | Reached XP level 7. HP: 29/55 MP: 7/7
  3061 | D:4      | Found an opulent altar of Gozag.
  3075 | D:4      | Reached skill level 6 in Long Blades
  3325 | D:4      | Found a snail-covered altar of Cheibriados.
  3330 | D:4      | Reached skill level 5 in Fighting
  3354 | D:4      | Became a worshipper of Cheibriados the Contemplative
  3399 | D:5      | Entered Level 5 of the Dungeon
  3836 | D:5      | Acquired Cheibriados's first power
  3840 | D:5      | Reached XP level 8. HP: 38/62 MP: 8/8
  4069 | D:5      | Reached skill level 7 in Long Blades
  4944 | D:6      | Found a staircase to the Ecumenical Temple.
  5245 | D:6      | Identified the +9 short sword of Defenestration {pain, +Inv rElec rF+}
  5245 | D:6      | Mangled by an orc warrior

Vault maps used:
D:1:      roderic_dead_forest
D:2:      uniq_robin
D:3:      lemuel_zombie_altar_yredelemnul, serial_curves, eino_curves_02,
          eino_curves_04, eino_curves_03, eino_curves_01, st_stairs_6,
          minmay_strange_pillars
D:4:      cheibriados_altar_wand_db, lemuel_doored_altar,
          overflow_temple_1_default, minmay_rat_hole
D:5:      first_bread, minmay_lizard_king
D:6:      old_standard_altar, minivault_14

Action                   |  1- 3 |  4- 6 |  7- 9 || total
-------------------------+-------+-------+-------++-------
Melee: Long sword        |   123 |   217 |   270 ||   610
  Use: Scroll            |       |       |     2 ||     2
       Potion            |       |       |     1 ||     1
  Eat: Beef jerky        |       |     1 |       ||     1
       Chunk             |       |     5 |     5 ||    10
